 Dungeon Crawl Stone Soup version 0.14-a0-2759-g5bb4bfe (webtiles) character file.

546 JEFFREY the Cudgeler (level 7, -3/44 HPs)
             Began as a Gargoyle Fighter on Feb 23, 2014.
             Slain by a wyvern (7 damage)
             ... on Level 4 of the Dungeon.
             The game lasted 00:12:56 (2424 turns).

JEFFREY the Cudgeler (Gargoyle Fighter)             Turns: 2424, Time: 00:12:57

HP  -3/44        AC 14     Str 21      XL: 7   Next:  1%
MP   7/7         EV  6     Int  9      God:
Gold 110         SH 18     Dex  9      Spells:  0 memorised,  6 levels left

rFire  . . .     SeeInvis .     a - +0 mace
rCold  . . .     Clarity  .     p - +2 scale mail
rNeg   + . .     Conserve .     c - +0 shield
rPois  +         rCorr    .     (no helmet)
rElec  +         rRot     +     (no cloak)
SustAb . .       Spirit   .     x - +0 pair of gloves
rMut   .         Warding  .     (no boots)
Saprov . . .     Stasis   .     r - amulet of faith {unknown}
MR     .....                    (no ring)
                                t - ring of wizardry

@: not resistant to hostile enchantments, extremely unstealthy
A: life protection 1, electricity resistance, unbreathing, petrification
resistance, AC +4
a: no special abilities


You were on level 4 of the Dungeon.
You were not hungry.

You visited 1 branch of the dungeon, and saw 4 of its levels.

You collected 110 gold pieces.

Inventory:

Hand weapons
 a - a +0,+0 mace (weapon)
 m - a cursed -3,+0 quarterstaff
Armour
 c - a +0 shield (worn)
 p - a +2 scale mail (worn)
 w - a +0 chain mail
 x - a +0 pair of gloves (worn)
Magical devices
 i - a wand of magic darts (5)
 j - a wand of magic darts (0)
Comestibles
 d - 5 bread rations
 g - a banana
 q - 5 grapes
 u - a chunk of giant newt flesh
Scrolls
 b - 2 scrolls of fear {unknown}
 e - a scroll of enchant weapon II {unknown}
 f - 2 scrolls of remove curse {unknown}
 h - 2 scrolls of blinking {unknown}
 l - a scroll of immolation {unknown}
 o - a scroll of amnesia
Jewellery
 k - an uncursed amulet of warding {unknown}
 r - an amulet of faith (around neck) {unknown}
 t - a ring of wizardry (left hand)
Potions
 n - a potion of invisibility {unknown}
 v - a potion of restore abilities {unknown}


   Skills:
 + Level 4.3 Fighting
 + Level 7.4 Maces & Flails
 - Level 3.2 Armour
 + Level 3.2 Shields


You had 6 spell levels left.
You didn't know any spells.

Dungeon Overview and Level Annotations

Branches:
Dungeon (4/16)
 Temple: D:4-7

Altars:


Innate Abilities, Weirdness & Mutations

You are resistant to torment.
You are immune to poison.
Your stone body is very resilient (AC +4).
You resist negative energy.
You are resistant to electric shocks.
You can survive without breathing.
You are immune to petrification.


Message History

You hit the wyvern but do no damage.
The wyvern bites you but does no damage.
You hit the wyvern but do no damage. The wyvern bites you.
You hit the wyvern.
The wyvern is lightly wounded.
The wyvern bites you.
* * * LOW HITPOINT WARNING * * *
The wyvern bites you but does no damage.
You hit the wyvern.
The wyvern is lightly wounded.
The wyvern bites you!
* * * LOW HITPOINT WARNING * * *
You block the wyvern's attack.
Drink which item? (? for menu, Esc to quit)
You feel slightly nauseous.
It was a potion of poison.
You block the wyvern's attack.
You hit the wyvern.
The wyvern is moderately wounded.
The wyvern barely misses you. The wyvern bites you!
You die...

# #..### ##...# ###.#
######+## # #.#
#........# # ######'##
#........# # #.......#
#........# + #.......#
###........# #
#.......###.'........#
#
#.......'@Dh#........#
#
#.......#####........#
# #.......# #........#
# #.......# #........#
# .......# #........#
# ......# #.......># #
.....# #........# #
##### #........#
###...####


You could see a wyvern and a hound.

Vanquished Creatures
  The ghost of Tabbe the Magician, an average DEWz of Vehumet (D:4)
  The ghost of Quh the Ruinous, an average DECj (D:3)
  An orc priest (D:3)
  Ijyb (D:3)
  9 adders
  A gnoll (D:1)
  A worm (D:3)
  2 giant geckos (D:3)
  An ooze (D:1)
  11 orcs
  A giant cockroach (D:3)
  10 hobgoblins
  A ball python (D:2)
  4 bats
  2 giant newts
  9 goblins
  9 kobolds
  A quokka (D:3)
  8 rats
74 creatures vanquished.

Notes
Turn   | Place    | Note
--------------------------------------------------------------
     0 | D:1      | JEFFREY, the Gargoyle Fighter, began the quest for the Orb.
     0 | D:1      | Reached XP level 1. HP: 14/14 MP: 1/1
   158 | D:1      | Reached XP level 2. HP: 9/19 MP: 2/2
   534 | D:1      | Reached XP level 3. HP: 18/23 MP: 3/3
   699 | D:2      | Reached skill level 4 in Maces & Flails
  1078 | D:2      | Reached XP level 4. HP: 28/28 MP: 4/4
  1583 | D:3      | Reached skill level 5 in Maces & Flails
  1583 | D:3      | Reached XP level 5. HP: 28/33 MP: 5/5
  1937 | D:3      | Noticed Quh's ghost (average DECj)
  1971 | D:3      | Killed Quh's ghost
  1971 | D:3      | Reached skill level 6 in Maces & Flails
  1971 | D:3      | Reached XP level 6. HP: 20/38 MP: 6/6
  2027 | D:3      | Noticed Ijyb
  2062 | D:3      | Killed Ijyb
  2373 | D:4      | Noticed Tabbe's ghost (average DEWz)
  2383 | D:4      | Killed Tabbe's ghost
  2383 | D:4      | Reached skill level 7 in Maces & Flails
  2383 | D:4      | Reached XP level 7. HP: 36/44 MP: 7/7
  2405 | D:4      | Noticed a wyvern
  2424 | D:4      | Slain by a wyvern

Action                   |  1- 3 |  4- 6 |  7- 9 || total
-------------------------+-------+-------+-------++-------
Melee: Mace              |   111 |   223 |     5 ||   339
  Use: Potion            |       |     3 |     1 ||     4
       Scroll            |       |     2 |       ||     2
